 Dungeon Crawl Stone Soup version 0.30.0 (webtiles) character file.

Game seed: 3567324583499496652

58 Ayyar the Cudgeller (level 3, -2/28 HPs)
             Began as a Demonspawn Gladiator on May 10, 2023.
             Slain by an orc
             ... wielding a +0 hand axe
              (7 damage)
             ... on level 3 of the Dungeon.
             The game lasted 00:04:08 (1631 turns).

Ayyar the Cudgeller (Demonspawn Gladiator)          Turns: 1631, Time: 00:04:08

Health: -2/28      AC:  4    Str: 16    XL:     3   Next: 75%
Magic:  3/3        EV: 12    Int:  9    God:
Gold:   41         SH:  4    Dex: 14    Spells: 2/2 levels left

rFire   . . .        a - +0 flail
rCold   . . .        (no shield)
rNeg    . . .        b - +0 leather armour
rPois   .            c - +0 helmet
rElec   .            (no cloak)
rCorr   .            (no gloves)
SInv    .            (no boots)
Will    .....        (no amulet)
Stlth   +            (no ring)
HPRegen 0.24/turn    (no ring)
MPRegen 0.08/turn

%: no passive effects
@: no status effects
A: demonic guardian 1, condensation shield
a: no special abilities


You were on level 3 of the Dungeon.
You visited 1 branch of the dungeon, and saw 3 of its levels.

You collected 63 gold pieces.
You spent 22 gold pieces at shops.

Inventory:

Hand Weapons
 a - a +0 flail (weapon)
Missiles
 d - 3 throwing nets
 e - a javelin
 l - 13 poisoned darts (quivered)
Armour
 b - a +0 leather armour (worn)
 c - a +0 helmet (worn)
Jewellery
 p - a ring of flight
Scrolls
 f - 4 scrolls of identify
 j - a scroll of magic mapping {unknown}
 k - a scroll of enchant armour {unknown}
 m - a scroll of fog {unknown}
Potions
 g - 4 potions of brilliance {unknown}
 h - 3 potions of attraction {unknown}
 i - 2 potions of degeneration {unknown}
 n - a potion of ambrosia {unknown}
 o - 2 potions of heal wounds {unknown}


   Skills:
 + Level 2.6 Fighting
 + Level 3.2 Maces & Flails
 + Level 2.3 Throwing
 + Level 3.2 Dodging


You had 2 spell levels left.
You didn't know any spells.
Your spell library contained the following spells:

 Spells                   Type           Power      Damage    Failure   Level
 Sandblast                Erth           0%         2d4       45%         1
 Passwall                 Tmut/Erth      0%         N/A       58%         2
 Portal Projectile        Hex/Tloc       0%         N/A       83%         3
 Stone Arrow              Conj/Erth      0%         3d7       83%         3
 Tukima's Dance           Hex            0%         N/A       83%         3
 Blade Hands              Tmut           0%         N/A       100%        5


Dungeon Overview and Level Annotations

Branches:
Dungeon (3/15)

Altars:

Shops:
D:2 ?


Innate Abilities, Weirdness & Mutations

A weak demonic guardian rushes to your aid.
A meltable shield of frost defends you. (SH +4)


Message History

A kobold and an orc come into view.
The kobold is wielding a +0 dagger and quivering poisoned darts.
The orc shouts!
You hear a shout!
An orc comes into view. It is wielding a +0 trident.
The orc moves out of view.
The orc shouts!
An orc comes into view. It is wielding a +0 hand axe.
The kobold shouts!
You sock the endoplasm!
You kill the endoplasm!
Found two stone staircases leading up.
The kobold throws a poisoned dart.
You block the poisoned dart. The orc hits you with a +0 trident.
You closely miss the orc. The orc barely misses you.
The orc hits you with a +0 hand axe. The kobold barely misses you.
The orc misses you. The kobold hits you with a +0 dagger.
You thump the orc!
You kill the orc!
The orc hits you with a +0 trident. You block the orc's attack.
The kobold barely misses you.
You are too injured to fight recklessly!
You are too injured to fight recklessly!
You are too injured to fight recklessly!
You barely miss the orc. The orc barely misses you. x2
The kobold hits you with a +0 dagger.
You hit the orc but do no damage. You block the orc's attack.
The orc closely misses you. The kobold hits you but does no damage.
You sock the orc!
You kill the orc!
The orc hits you with a +0 hand axe.
* * * LOW HITPOINT WARNING * * *
The kobold hits you but does no damage.
You barely miss the orc. You punch the orc.
The orc is heavily wounded.
The orc hits you with a +0 hand axe.
* * * LOW HITPOINT WARNING * * *
You block the kobold's attack. The kobold hits you with a +0 dagger.
* * * LOW HITPOINT WARNING * * *
A demonic guardian appears!
The orc hits you with a +0 hand axe!
You die...

#..##..##...... .
#.###.########. ..
#.# #.# #.
...####†# #.# ##
........# #.#
........###.###
#########.........
#.....#)...$......
......)@.....#####
......oK5.....#
..............#
............?.#
.<............#
................
.............###
#.......<....#


You could see an orc, a kobold (ally target) and a friendly shadow imp
(summoned).

Vanquished Creatures
  A dart slug (D:3)
  2 orcs (D:3)
  5 ball pythons
  2 bats
  8 endoplasms
  3 giant cockroaches
  3 goblins
  5 hobgoblins
  3 quokkas
  7 frilled lizards
  4 kobolds
  5 rats
48 creatures vanquished.

Notes
Turn   | Place    | Note
-------+----------+-------------------------------------------
     0 | D:1      | Ayyar the Demonspawn Gladiator began the quest for the Orb.
     0 | D:1      | Reached XP level 1. HP: 16/16 MP: 1/1
   168 | D:1      | Gained mutation: A meltable shield of frost defends you.
                  | (SH +4) [demonic ancestry]
   168 | D:1      | Reached XP level 2. HP: 22/22 MP: 2/2
   916 | D:2      | Found a faded altar of an unknown god.
   955 | D:2      | Gained mutation: A weak demonic guardian rushes to your
                  | aid. [demonic ancestry]
   955 | D:2      | Reached XP level 3. HP: 28/28 MP: 3/3
   956 | D:2      | Found Doewn's Magic Scroll Shop.
   961 | D:2      | Bought a scroll of identify for 22 gold pieces
  1631 | D:3      | Slain by an orc

Illustrated notes

Levels and vault maps discovered:
D:1:      dpeg_arrival_arbitrary_b, layout_basic
D:2:      layout_rooms, basic_altar, basic_ecumenical_altar, serial_shops,
          nicolae_shop_hallway_plus, kennysheep_minor_cross
D:3:      layout_rooms, uniq_jessica

Skill      XL: |  1  2 |
---------------+-------+-----
Throwing       | 2 |  2.3
Maces & Flails | 3 |  3.2
Dodging        | 3 |  3.2
Fighting       | |  2.6

Action                     || total
---------------------------++-------
  Melee: Flail             ||   129
         Punch             ||     4
  Throw: Dart              ||     9
   Stab: Sleeping          ||     1
 Armour: Leather armour    ||    39
  Dodge: Dodged            ||    67
  Block: Other             ||    25
